[Event "Titled Tuesday Blitz November 15 Late 2022"]
[White "Melkumyan, Hrant"]
[Black "Korchmar, Vasiliy"]
[WhiteFideId "13302485"]
[BlackFideId "24131750"]
[WhiteElo "2604"]
[BlackElo "2370"]
[Result "1-0"]
[Round "04"]
[TimeControl "180+1"]
[Date "2022.11.15"]
[WhiteClock "0:00:07"]
[BlackClock "0:00:01"]

1. d4 d5 2. c4 c6 3. Nc3 Nf6 4. e3 e6 5. Nf3 Nbd7 6. Bd3 dxc4 7. Bxc4 b5 8. Bd3 b4 9. Ne4 Nxe4 10. Bxe4 Bb7 11. Nd2 Be7 12. O-O O-O 13. Nc4 Qc7 14. b3 c5 15. d5 exd5 16. Bxd5 Bf6 17. Rb1 Bxd5 18. Qxd5 Nb6 19. Qe4 Rfe8 20. Qg4 Nd5 21. Bd2 a5 22. a4 Rad8 23. g3 g6 24. Qf3 Bg7 25. Rbc1 h5 26. Rc2 Nc3 27. Rfc1 Rd3 28. Kg2 Red8 29. Be1 h4 30. gxh4 R8d5 31. Kh1 Rf5 32. Qg2 Rh5 33. Bxc3 bxc3 34. Qe4 Qd8 35. Kg2 Rxh4 36. Qf3 Qg5+ 37. Kf1 Rxh2 38. Ke2 Rd8 39. Nxa5 Qe7 40. Nc4 Qe6 41. a5 Rh3 42. Qg2 Rh4 43. Qf3 Rxc4 44. bxc4 Qxc4+ 45. Ke1 Qb5 46. Ra1 Qb3 47. Qe2 1-0


[Site "https://www.chess.com"]

[Event "Titled Tuesday Blitz November 15 Late 2022"]
[White "Mgeladze, Tamaz"]
[Black "Aguilar, Juan"]
[WhiteFideId "13601202"]
[BlackFideId "3800091"]
[WhiteElo "2288"]
[BlackElo "2441"]
[Result "1-0"]
[Round "04"]
[TimeControl "180+1"]
[Date "2022.11.16"]
[WhiteClock "0:00:29"]
[BlackClock "0:00:18"]

1. c4 e5 2. g3 Nf6 3. Bg2 c6 4. Nf3 e4 5. Nd4 d5 6. cxd5 Qb6 7. Nb3 cxd5 8. d3 Bb4+ 9. Bd2 O-O 10. O-O exd3 11. exd3 Bg4 12. Bf3 Bxf3 13. Qxf3 Nbd7 14. Be3 Qa6 15. d4 Rac8 16. a3 Bd6 17. Nc3 Qb6 18. Nc5 Nxc5 19. dxc5 Qxb2 20. Bd4 Be7 21. Rab1 Qc2 22. Rfc1 Qg6 23. Bxf6 Bxf6 24. Nxd5 Rfd8 25. Nxf6+ gxf6 26. Rxb7 Rd3 27. Qf4 Rxa3 28. c6 Kg7 29. c7 Qd3 30. Qg4+ 1-0


[Site "https://www.chess.com"]

[Event "Titled Tuesday Blitz November 15 Late 2022"]
[White "Mickiewicz, Piotr"]
[Black "Sabuk, Piotr"]
[WhiteFideId "1114891"]
[BlackFideId "1137565"]
[WhiteElo "2246"]
[BlackElo "2326"]
[Result "0-1"]
[Round "04"]
[TimeControl "180+1"]
[Date "2022.11.16"]
[WhiteClock "0:00:09"]
[BlackClock "0:00:45"]

1. e4 e5 2. Nf3 Nc6 3. Bc4 Nf6 4. d3 Be7 5. a4 O-O 6. O-O a5 7. Nc3 d6 8. h3 Be6 9. Be3 d5 10. exd5 Nxd5 11. Nxd5 Bxd5 12. Re1 Bxc4 13. dxc4 f6 14. c5 Qxd1 15. Raxd1 Rfd8 16. c3 Kf7 17. Nd2 Rd5 18. Nb3 Rad8 19. Rxd5 Rxd5 20. f3 f5 21. Kf1 Bh4 22. Rc1 Kf6 23. Ke2 Bg5 24. h4 Bxh4 25. Rh1 g5 26. g3 Bxg3 27. Rxh7 g4 28. fxg4 f4 29. Bf2 Bxf2 30. Kxf2 e4 31. Rxc7 Ne5 32. Rxb7 Nxg4+ 33. Kg2 f3+ 34. Kg3 f2 35. Kg2 Rd1 36. Rb6+ Kg5 0-1


[Site "https://www.chess.com"]

[Event "Titled Tuesday Blitz November 15 Late 2022"]
[White "Mikaelyan, Arman"]
[Black "Yurovskykh, Oleksandr"]
[WhiteFideId "13304852"]
[BlackFideId "14134020"]
[WhiteElo "2456"]
[BlackElo "2265"]
[Result "1-0"]
[Round "04"]
[TimeControl "180+1"]
[Date "2022.11.16"]
[WhiteClock "0:00:44"]
[BlackClock "0:00:01"]

1. d4 d5 2. Bf4 c5 3. e3 Nc6 4. Nf3 Bg4 5. Nbd2 e6 6. c3 Qb6 7. Qb3 c4 8. Qc2 Nf6 9. b3 Bf5 10. Qd1 Ba3 11. Nh4 Bg4 12. f3 Bh5 13. bxc4 Qb2 14. Rb1 Qxc3 15. Qb3 Qxb3 16. Rxb3 Bb4 17. g4 Bxg4 18. fxg4 Ne4 19. Nf3 O-O 20. a3 Ba5 21. Bd3 Nxd2 22. Nxd2 dxc4 23. Bxc4 Rfc8 24. Ke2 Bxd2 25. Kxd2 Na5 26. Kd3 Nxc4 27. Rxb7 Nb6 28. e4 Nc4 29. Rc1 Nxa3 30. Rc5 Rd8 31. Ra5 Rac8 32. Rxa3 1-0


[Site "https://www.chess.com"]

[Event "Titled Tuesday Blitz November 15 Late 2022"]
[White "Mikhalsky, Vladimir"]
[Black "Yuan, Qingyu"]
[WhiteFideId "14144352"]
[BlackFideId "8609772"]
[WhiteElo "2271"]
[BlackElo "2359"]
[Result "0-1"]
[Round "04"]
[TimeControl "180+1"]
[Date "2022.11.16"]
[WhiteClock "0:00:12"]
[BlackClock "0:00:50"]

1. c4 e6 2. g3 d5 3. Bg2 Nf6 4. Nf3 dxc4 5. O-O a6 6. a4 Nc6 7. Qc2 Na5 8. Na3 Bxa3 9. Rxa3 O-O 10. Ne5 Qd4 11. Qc3 Qxc3 12. Rxc3 Nd5 13. Rc2 Nb4 14. Rc3 Na2 15. Rc2 Nb3 16. Rxc4 Naxc1 17. Rfxc1 Nxc1 18. Rxc1 f6 19. Nd3 Rf7 20. Nc5 Rb8 21. d4 b6 22. Nd3 Bb7 23. Bxb7 Rxb7 24. Nb4 Rb8 25. Nc6 Re8 26. e4 Rd7 27. Kf1 Kf7 28. b4 g5 29. f3 h5 30. Ke2 Kg6 31. Ke3 Rd6 32. h3 g4 33. fxg4 hxg4 34. h4 e5 35. d5 f5 36. exf5+ Kxf5 37. Rf1+ Kg6 38. Ke4 Rf6 39. Nxe5+ Rxe5+ 40. Kxe5 Rxf1 0-1


[Site "https://www.chess.com"]

[Event "Titled Tuesday Blitz November 15 Late 2022"]
[White "Milchev, Nikolay"]
[Black "Ali Abdullahi, Farah"]
[WhiteFideId "2906090"]
[BlackFideId "16100212"]
[WhiteElo "2449"]
[BlackElo "2332"]
[Result "1-0"]
[Round "04"]
[TimeControl "180+1"]
[Date "2022.11.16"]
[WhiteClock "0:01:38"]
[BlackClock "0:00:45"]

1. Nf3 d5 2. c4 e6 3. g3 c5 4. Bg2 Nc6 5. O-O Nf6 6. cxd5 exd5 7. d4 Be7 8. dxc5 Bxc5 9. a3 a6 10. b4 Ba7 11. Nc3 O-O 12. Bg5 Be6 13. Bxf6 Qxf6 14. Nxd5 Bxd5 15. Qxd5 Rad8 16. Qa2 Rfe8 17. Rfd1 h6 18. e3 Qc3 19. Rac1 Qf6 20. Qb3 Qe7 21. Rxd8 Rxd8 22. Rd1 Rxd1+ 23. Qxd1 Qe6 24. Qc2 Ne5 25. Nxe5 Qxe5 26. Bxb7 Qa1+ 27. Kg2 Qxa3 28. Qc8+ Kh7 29. Qf5+ Kg8 30. Bd5 Qxb4 31. Qxf7+ Kh7 32. Qxa7 a5 33. Qd4 Qb8 34. Qe4+ Kh8 35. Bc4 a4 36. Bd3 Kg8 37. Qxa4 Qb7+ 38. Qe4 Qb8 39. Qh7+ Kf7 40. Bc4+ Kf6 41. Qe4 Qc8 42. h4 g5 43. hxg5+ hxg5 44. g4 Qd7 45. Qf5+ Qxf5 46. gxf5 Kxf5 47. Kg3 Ke5 48. Kg4 Kf6 49. Bd3 Ke5 50. Kxg5 Ke6 51. f4 Kf7 52. e4 Kf8 53. e5 Kg7 54. f5 Kf8 55. f6 Kf7 56. Bc4+ Kf8 57. e6 Ke8 58. Bb5+ Kd8 59. e7+ Kc7 60. e8=Q Kd6 61. f7 Kc7 62. f8=Q Kb6 63. Qc6+ 1-0


[Site "https://www.chess.com"]

[Event "Titled Tuesday Blitz November 15 Late 2022"]
[White "Mladenovic, Stefan"]
[Black "Pein, Jonathan"]
[WhiteFideId "942227"]
[BlackFideId "417092"]
[WhiteElo "2337"]
[BlackElo "2227"]
[Result "1-0"]
[Round "04"]
[TimeControl "180+1"]
[Date "2022.11.16"]
[WhiteClock "0:00:40"]
[BlackClock "0:00:07"]

1. d4 e6 2. Nf3 f5 3. g3 Nf6 4. Bg2 b6 5. O-O Bb7 6. c4 g6 7. Nc3 Bg7 8. d5 O-O 9. Nd4 e5 10. Nc2 d6 11. b4 a5 12. Bb2 Na6 13. a3 Qe7 14. Nb5 g5 15. f4 exf4 16. gxf4 g4 17. Ncd4 Ne4 18. Rb1 axb4 19. axb4 Nxb4 20. Ne6 Bxb2 21. Rxb2 Na6 22. Nxf8 Rxf8 23. Ra2 Rf6 24. Qd4 Rh6 25. Bxe4 fxe4 26. f5 Kf7 27. f6 Qd7 28. Qxe4 g3 29. Qe6+ Qxe6 30. dxe6+ Kxe6 31. hxg3 Nc5 32. Nxc7+ Kf7 33. Nd5 Ne4 34. Ra7 Nc5 35. Rb1 Rg6 36. Rxb6 Rxg3+ 37. Kh2 Rg5 38. Rbxb7+ Nxb7 39. Rxb7+ Kf8 40. Nf4 Re5 41. Rxh7 Re4 42. Ng6+ Kg8 43. Rg7# 1-0


[Site "https://www.chess.com"]

[Event "Titled Tuesday Blitz November 15 Late 2022"]
[White "Mr_Penings"]
[Black "Szente Varga, Fruzsina"]
[BlackFideId "712264"]
[WhiteElo "2670"]
[BlackElo "1994"]
[Result "1-0"]
[Round "04"]
[TimeControl "180+1"]
[Date "2022.11.16"]
[WhiteClock "0:00:23"]
[BlackClock "0:00:05"]

1. c4 e5 2. Nc3 g6 3. g3 Bg7 4. Bg2 f5 5. d3 Nf6 6. e4 d6 7. Nge2 O-O 8. O-O Be6 9. exf5 Bxf5 10. Bxb7 Nbd7 11. Bxa8 Qxa8 12. f3 Bh3 13. Rf2 Nc5 14. Ne4 Ne6 15. Be3 d5 16. Nxf6+ Rxf6 17. cxd5 Qxd5 18. Nc3 Qb7 19. Qb3 Qc6 20. Qd5 Qa6 21. Ne4 Rf8 22. g4 Kh8 23. Qc4 Qxc4 24. dxc4 h5 25. gxh5 gxh5 26. Rd1 Nd4 27. f4 Bg4 28. Rdf1 Ne2+ 29. Kg2 exf4 30. Bxf4 Re8 31. Ng3 Bd4 32. h3 Bxf2 33. Rxf2 Nxf4+ 34. Rxf4 Be6 35. Nxh5 Rg8+ 36. Kf3 Rg1 37. Rf8+ Kh7 38. Nf4 Bxc4 39. Rc8 c6 40. Rc7+ Kh6 41. Rxc6+ Kg5 42. Rc5+ Kh4 43. Rh5# 1-0


[Site "https://www.chess.com"]

[Event "Titled Tuesday Blitz November 15 Late 2022"]
[White "Nakamura, Hikaru"]
[Black "Jones, Gawain C B"]
[WhiteFideId "2016192"]
[BlackFideId "409561"]
[WhiteElo "2909"]
[BlackElo "2657"]
[Result "1-0"]
[Round "04"]
[TimeControl "180+1"]
[Date "2022.11.15"]
[WhiteClock "0:00:24"]
[BlackClock "0:00:01"]

1. b4 Nf6 2. Bb2 g6 3. Bxf6 exf6 4. a3 a5 5. b5 d5 6. d4 a4 7. e3 c6 8. Nd2 Qa5 9. bxc6 Nxc6 10. Bd3 Be7 11. Ne2 Bg4 12. f3 Be6 13. O-O O-O 14. c4 dxc4 15. Nxc4 Bxc4 16. Bxc4 b5 17. Bd5 Rac8 18. e4 Qb6 19. Kh1 Rfd8 20. Rb1 Rb8 21. Qd3 b4 22. h4 b3 23. Qc4 Na5 24. Qxa4 f5 25. h5 b2 26. Nc3 Rdc8 27. Nd1 Rc1 28. Rxb2 Qxb2 29. Nxb2 Rxf1+ 30. Kh2 fxe4 31. Qd7 exf3 32. Qxe7 fxg2 33. Bxg2 Rxb2 34. h6 Rb8 35. Qe5 1-0


[Site "https://www.chess.com"]

[Event "Titled Tuesday Blitz November 15 Late 2022"]
[White "Nugumanov, Bakhtiyar"]
[Black "Adewumi, Tanitoluwa"]
[WhiteFideId "13701797"]
[BlackFideId "30966396"]
[WhiteElo "2287"]
[BlackElo "2551"]
[Result "1-0"]
[Round "04"]
[TimeControl "180+1"]
[Date "2022.11.16"]
[WhiteClock "0:00:13"]
[BlackClock "0:00:02"]

1. d4 Nf6 2. c4 e6 3. g3 d5 4. Bg2 Bb4+ 5. Bd2 Bd6 6. Nf3 O-O 7. O-O Nbd7 8. Qc2 c6 9. Rd1 Ne4 10. Bf4 Qc7 11. e3 Re8 12. Nc3 Nxc3 13. Qxc3 h6 14. Rac1 a5 15. b3 g5 16. Bxd6 Qxd6 17. h4 f6 18. Qc2 Kg7 19. e4 dxe4 20. Qxe4 Nf8 21. d5 e5 22. c5 cxd5 23. Rxd5 Qc6 24. Nd2 Be6 25. Rd6 Qxe4 26. Bxe4 Rab8 27. Nc4 f5 28. Bd5 Bxd5 29. Rxd5 Ng6 30. h5 Ne7 31. Rxe5 Kf6 32. Rce1 Rbc8 33. Re6+ Kf7 34. Nd6+ Kf8 35. Nxc8 Rxc8 36. Rxe7 1-0


[Site "https://www.chess.com"]

[Event "Titled Tuesday Blitz November 15 Late 2022"]
[White "Osmak, Yuliia"]
[Black "Rangel, Daniel"]
[WhiteFideId "14101602"]
[BlackFideId "2124475"]
[WhiteElo "2328"]
[BlackElo "2225"]
[Result "0-1"]
[Round "04"]
[TimeControl "180+1"]
[Date "2022.11.16"]
[WhiteClock "0:00:02"]
[BlackClock "0:00:09"]

1. d4 Nf6 2. c4 e6 3. Nc3 d5 4. Nf3 c6 5. Bg5 Nbd7 6. e3 h6 7. Bh4 g5 8. Bg3 Nh5 9. Be5 Nxe5 10. Nxe5 Nf6 11. h4 Bg7 12. hxg5 hxg5 13. Rxh8+ Bxh8 14. Bd3 Nd7 15. Qh5 Bxe5 16. dxe5 Qe7 17. O-O-O Nf8 18. f4 gxf4 19. exf4 Bd7 20. f5 O-O-O 21. f6 Qe8 22. c5 Kb8 23. Qg5 Bc8 24. Rh1 Nd7 25. b4 Qg8 26. Rh5 Rf8 27. Ne2 b6 28. Nd4 Qxg5+ 29. Rxg5 bxc5 30. Nxc6+ Kc7 31. Nxa7 c4 32. Bh7 Ba6 33. b5 Bb7 34. Rg7 Nxe5 35. g4 Kb6 36. Nc6 Bxc6 37. bxc6 Kxc6 38. g5 Kd6 39. a4 d4 40. a5 Kc6 41. a6 Kb6 42. a7 Kxa7 43. g6 Kb6 44. gxf7 Rxf7 45. Bg8 Rxf6 46. Re7 Kc5 47. Bxe6 d3 0-1


[Site "https://www.chess.com"]

[Event "Titled Tuesday Blitz November 15 Late 2022"]
[White "Paiva, Henrique M A Albergaria"]
[Black "Timmermans, Mark"]
[WhiteFideId "1920995"]
[BlackFideId "1026399"]
[WhiteElo "1953"]
[BlackElo "2460"]
[Result "0-1"]
[Round "04"]
[TimeControl "180+1"]
[Date "2022.11.16"]
[WhiteClock "0:00:25"]
[BlackClock "0:00:50"]

1. Nf3 Nf6 2. d4 e6 3. c4 d5 4. g3 Be7 5. Bg2 O-O 6. O-O dxc4 7. Qc2 b5 8. a4 b4 9. Qxc4 Ba6 10. Qc2 Nbd7 11. Bg5 Rc8 12. Rd1 c5 13. dxc5 Bxc5 14. Bxf6 Qxf6 15. Qd2 Rfd8 16. Qe1 Qxb2 17. Nbd2 Nf6 18. Rab1 Qc2 19. Rdc1 Qxa4 20. Ne5 Qb5 21. Ndc4 Bf8 22. e3 Nd5 23. Bf1 Qb8 24. Ra1 Bb5 25. Rab1 a5 26. e4 Nc3 27. Rxc3 bxc3 28. Nxf7 Kxf7 29. Rxb5 Qxb5 30. Nd6+ Bxd6 31. Bxb5 c2 32. Qc1 Ba3 0-1


[Site "https://www.chess.com"]

[Event "Titled Tuesday Blitz November 15 Late 2022"]
[White "Palencia Morales, Wilson Guillermo"]
[Black "Bach, Matthias"]
[WhiteFideId "4401859"]
[BlackFideId "4603168"]
[WhiteElo "2160"]
[BlackElo "2165"]
[Result "1-0"]
[Round "04"]
[TimeControl "180+1"]
[Date "2022.11.16"]
[WhiteClock "0:00:04"]
[BlackClock "0:00:02"]

1. d4 Nf6 2. c4 c5 3. d5 e6 4. Nc3 exd5 5. cxd5 d6 6. Nf3 g6 7. g3 Bg7 8. Bg2 O-O 9. O-O Re8 10. Nd2 Nbd7 11. h3 Ne5 12. f4 Nh5 13. Kh2 Nd7 14. Nc4 Nb6 15. Na3 f5 16. e4 Bxc3 17. bxc3 fxe4 18. c4 Qf6 19. Rb1 Qd4 20. Qe2 Qd3 21. Qe3 Bd7 22. Rb3 Qxe3 23. Bxe3 Nf6 24. Re1 Rab8 25. g4 Na4 26. Bd2 a6 27. g5 Nh5 28. Rxe4 Rxe4 29. Bxe4 b5 30. Re3 Re8 31. Re2 Bf5 32. cxb5 Rxe4 33. Rxe4 Bxe4 34. bxa6 Bxd5 35. Nb5 Bc6 36. Nxd6 Nb6 37. Be3 Nd7 38. f5 gxf5 39. Nxf5 Kf7 40. a7 Ke6 41. Nh4 Kd5 42. Bc1 Kc4 43. g6 hxg6 44. Nxg6 Kb5 45. Ne7 Ba8 46. Nf5 Ka6 47. h4 Kxa7 48. Kh3 Kb6 49. Kg4 Nhf6+ 50. Kg5 Ne4+ 51. Kf4 Ndf6 52. h5 Nxh5+ 53. Ke5 Nhf6 54. Bg5 Nxg5 55. Kxf6 Ne4+ 56. Ke5 Nc3 57. a3 Kb5 58. Kd6 c4 59. Ne3 1-0


[Site "https://www.chess.com"]

[Event "Titled Tuesday Blitz November 15 Late 2022"]
[White "Papayan, Oleg"]
[Black "Rodriguez Santiago, Jaime"]
[WhiteFideId "4193911"]
[BlackFideId "3100898"]
[WhiteElo "2153"]
[BlackElo "2025"]
[Result "1-0"]
[Round "04"]
[TimeControl "180+1"]
[Date "2022.11.16"]
[WhiteClock "0:00:09"]
[BlackClock "0:00:04"]

1. e4 c6 2. Nc3 d5 3. Nf3 dxe4 4. Nxe4 Nf6 5. Qe2 Nxe4 6. Qxe4 Nd7 7. Bc4 Nf6 8. Ne5 e6 9. Qe2 b5 10. Bb3 Qc7 11. d4 a5 12. a4 b4 13. O-O Be7 14. Bf4 Qb6 15. Nc4 Qxd4 16. Be5 Qh4 17. Nb6 Ba6 18. Qf3 O-O 19. Nxa8 Bxf1 20. Nc7 Bc4 21. Bg3 Qd4 22. Rd1 Qc5 23. h3 Bd5 24. Nxd5 cxd5 25. Qe2 Ne4 26. Be5 f6 27. Bd4 Qc6 28. f3 Ng5 29. Qb5 Rc8 30. Qxa5 Qd6 31. Qb6 Qg3 32. Kf1 Bd6 33. Bf2 Qh2 34. Bg1 Qf4 35. Qe3 Qxe3 36. Bxe3 Nf7 37. a5 Ne5 38. a6 Ra8 39. a7 Nc6 40. Rxd5 Bg3 41. Rd7 h5 42. Bxe6+ Kh7 43. Bd5 Rxa7 44. Rxa7 Nxa7 45. Bxa7 Be5 46. Be4+ Kh6 47. b3 g5 48. Be3 h4 49. Bd2 Kg7 50. Bxb4 1-0


[Site "https://www.chess.com"]

[Event "Titled Tuesday Blitz November 15 Late 2022"]
[White "Phillips, Rene"]
[Black "Ward, Ieuan C"]
[WhiteFideId "2056275"]
[BlackFideId "406627"]
[WhiteElo "1995"]
[BlackElo "2339"]
[Result "0-1"]
[Round "04"]
[TimeControl "180+1"]
[Date "2022.11.16"]
[WhiteClock "0:00:21"]
[BlackClock "0:01:28"]

1. Nf3 d5 2. d4 Nf6 3. Bf4 e6 4. e3 c5 5. c3 Bd6 6. Bg3 Nc6 7. Nbd2 O-O 8. Ne5 Qc7 9. f4 Ne4 10. Nxe4 dxe4 11. Qh5 cxd4 12. exd4 Nxd4 13. cxd4 Qa5+ 14. Kd1 f6 15. Be1 Qa4+ 16. Kc1 fxe5 17. fxe5 Bb4 18. Bxb4 Qxb4 19. Qd1 Bd7 20. Kb1 Rac8 21. a3 Qb6 22. Ka2 Rf2 23. Rb1 Rcc2 0-1


[Site "https://www.chess.com"]

[Event "Titled Tuesday Blitz November 15 Late 2022"]
[White "Pino Perez, Lazaro"]
[Black "Bilan, Danila"]
[WhiteFideId "3517055"]
[BlackFideId "24161918"]
[WhiteElo "2170"]
[BlackElo "2173"]
[Result "0-1"]
[Round "04"]
[TimeControl "180+1"]
[Date "2022.11.16"]
[WhiteClock "0:00:06"]
[BlackClock "0:00:14"]

1. d4 d5 2. Bf4 Nf6 3. e3 c5 4. Nf3 Nc6 5. Nbd2 Bg4 6. c3 Qb6 7. Qb3 c4 8. Qxb6 axb6 9. a3 b5 10. Rc1 Nh5 11. Be5 f6 12. Bc7 Kd7 13. Bg3 Nxg3 14. hxg3 e5 15. dxe5 fxe5 16. e4 d4 17. Bxc4 bxc4 18. Nxc4 Bxf3 19. Nb6+ Kd8 20. Nxa8 Bxg2 21. Rh4 g5 22. Rh5 h6 23. Ke2 Bxe4 24. f3 Bg6 25. Rh2 d3+ 26. Kd2 Bc5 27. b4 Ba7 28. Re1 e4 29. fxe4 Ne5 0-1


[Site "https://www.chess.com"]

[Event "Titled Tuesday Blitz November 15 Late 2022"]
[White "Poliakova, Varvara"]
[Black "Kosakowski, Jakub"]
[WhiteFideId "13518313"]
[BlackFideId "1185080"]
[WhiteElo "2099"]
[BlackElo "2463"]
[Result "1-0"]
[Round "04"]
[TimeControl "180+1"]
[Date "2022.11.16"]
[WhiteClock "0:00:23"]
[BlackClock "0:00:02"]

1. e4 e5 2. Nf3 Nf6 3. Nxe5 d6 4. Nf3 Nxe4 5. d4 d5 6. Bd3 Bd6 7. O-O O-O 8. c3 c6 9. Nbd2 Bf5 10. Qc2 Re8 11. Re1 Nd7 12. Nxe4 dxe4 13. Bxe4 Rxe4 14. Rxe4 Nf6 15. Re8+ Qxe8 16. Qxf5 Qe2 17. Bd2 Ne4 18. Be3 Qxb2 19. Re1 Nf6 20. Bg5 Nd5 21. g3 Qxc3 22. Bd2 Qa3 23. Qd7 Qxf3 24. Qxd6 Qd3 25. Qd7 Rf8 26. Re8 Qa3 27. Rxf8+ Qxf8 28. Qxb7 Qe8 29. Qxa7 h5 30. Qb7 h4 31. Qb1 Qe2 32. Qe1 Qf3 33. a4 Nf6 34. h3 Ne4 35. Bf4 g5 36. Be5 f6 37. Bb8 g4 38. Qe3 Qd1+ 39. Kh2 hxg3+ 40. Bxg3 Ng5 41. hxg4 Qxg4 42. Qf4 Qh5+ 43. Bh4 Kh7 44. Kg3 Kg6 45. Bxg5 fxg5 46. Qd6+ Kh7 47. Qd7+ Kh8 48. Qh3 1-0


[Site "https://www.chess.com"]

[Event "Titled Tuesday Blitz November 15 Late 2022"]
[White "Pranav, V"]
[Black "Bashirli, Nail"]
[WhiteFideId "25060783"]
[BlackFideId "13406809"]
[WhiteElo "2430"]
[BlackElo "2318"]
[Result "1-0"]
[Round "04"]
[TimeControl "180+1"]
[Date "2022.11.15"]
[WhiteClock "0:02:18"]
[BlackClock "0:00:41"]

1. e4 Nf6 2. e5 Nd5 3. d4 d6 4. c4 Nb6 5. f4 dxe5 6. fxe5 Bf5 7. Be3 e6 8. Nc3 Be7 9. Nf3 O-O 10. Be2 f6 11. exf6 Bxf6 12. O-O Nc6 13. Qd2 Qe7 14. Rad1 Rad8 15. b3 Nb4 16. Bg5 Bxg5 17. Qxg5 Qxg5 18. Nxg5 h6 19. Nf3 Nc2 20. Rd2 Ne3 21. Re1 Nc2 22. Rc1 Ne3 23. h3 Bh7 24. g4 h5 25. Ng5 Rde8 26. Nxh7 Kxh7 27. Rd3 e5 28. Rxe3 exd4 29. Rxe8 Rxe8 30. Bd3+ Kh6 31. Ne4 Nd7 32. g5+ 1-0


[Site "https://www.chess.com"]

[Event "Titled Tuesday Blitz November 15 Late 2022"]
[White "Premnath, R."]
[Black "Ivic, Velimir"]
[WhiteFideId "5021928"]
[BlackFideId "950122"]
[WhiteElo "2556"]
[BlackElo "2625"]
[Result "0-1"]
[Round "04"]
[TimeControl "180+1"]
[Date "2022.11.16"]
[WhiteClock "0:00:01"]
[BlackClock "0:01:31"]

1. d4 d5 2. c4 e6 3. Nf3 Nf6 4. Nc3 dxc4 5. e3 Bb4 6. Bxc4 O-O 7. O-O b6 8. Qe2 Bb7 9. Rd1 Nbd7 10. a3 Bxc3 11. bxc3 c5 12. Bb2 Qc7 13. Rac1 Ne4 14. Nd2 Ndf6 15. f3 Nxd2 16. Rxd2 Rfd8 17. e4 Rac8 18. Ba2 Qf4 19. Rcd1 h5 20. e5 Nd5 21. dxc5 Qg5 22. Bxd5 Rxd5 23. cxb6 axb6 24. c4 Rxd2 25. Qxd2 Qg6 26. Qd3 Qg5 27. Kh1 Ba6 28. Qb3 Bxc4 29. Qxb6 Bd5 30. Qf2 Qf5 31. Bd4 Rc2 32. Qg3 h4 33. Qxh4 Rxg2 34. Qd8+ Kh7 35. Qh4+ Kg6 36. Rg1 Qxf3 0-1


[Site "https://www.chess.com"]

[Event "Titled Tuesday Blitz November 15 Late 2022"]
[White "Proleiko, Julian"]
[Black "Milosevic, Milos"]
[WhiteFideId "30900255"]
[BlackFideId "964875"]
[WhiteElo "2127"]
[BlackElo "2321"]
[Result "0-1"]
[Round "04"]
[TimeControl "180+1"]
[Date "2022.11.16"]
[WhiteClock "0:01:02"]
[BlackClock "0:00:51"]

1. e4 e5 2. Nc3 Nc6 3. Nf3 Nf6 4. d4 exd4 5. Nxd4 Bb4 6. Nxc6 bxc6 7. Bd3 d5 8. Bd2 O-O 9. O-O Bg4 10. Be2 Bxe2 11. Qxe2 Bxc3 12. Bxc3 Nxe4 13. Bd4 c5 14. Be3 d4 15. Bf4 Re8 16. Qc4 g5 17. Bg3 h5 18. h3 h4 19. Bh2 Nd2 20. Qxc5 Nxf1 21. Rxf1 Qf6 22. f4 g4 23. hxg4 Re2 24. Qxc7 d3 25. Qb7 Qb6+ 26. Qxb6 axb6 27. cxd3 Rxa2 28. f5 Raxb2 29. Kh1 h3 30. Rc1 hxg2+ 31. Kg1 Kh7 32. Bg3 b5 33. g5 b4 34. Bf4 Rbc2 35. Ra1 b3 36. g6+ fxg6 37. Ra7+ Kg8 38. Ra8+ Kf7 39. Ra7+ Kf6 40. fxg6 Re1+ 41. Kh2 g1=Q+ 42. Kh3 Qg2+ 43. Kh4 Rh1+ 44. Bh2 Rxh2# 0-1


[Site "https://www.chess.com"]

[Event "Titled Tuesday Blitz November 15 Late 2022"]
[White "Przybylski, Wojciech"]
[Black "Madaminov, Mukhiddin"]
[WhiteFideId "1117599"]
[BlackFideId "14210703"]
[WhiteElo "2221"]
[BlackElo "2341"]
[Result "0-1"]
[Round "04"]
[TimeControl "180+1"]
[Date "2022.11.16"]
[WhiteClock "0:00:01"]
[BlackClock "0:00:03"]

1. e4 e5 2. Nf3 Nc6 3. Bb5 a6 4. Ba4 Nf6 5. O-O Nxe4 6. d4 b5 7. Bb3 d5 8. dxe5 Be6 9. Be3 Be7 10. c3 O-O 11. Qe2 Bg4 12. Bd4 Nxd4 13. cxd4 c5 14. dxc5 Bxc5 15. Nc3 Nxc3 16. bxc3 Rc8 17. Rad1 Qa5 18. h3 Bf5 19. Nd4 Bxd4 20. cxd4 Rfd8 21. Rc1 Qb4 22. Qe3 a5 23. Rxc8 Rxc8 24. Bxd5 Rd8 25. Qf3 g6 26. Rd1 Rd7 27. g4 Bc2 28. e6 Re7 29. Rc1 Qd2 30. Qe3 Qxe3 31. fxe3 fxe6 32. Rxc2 exd5 33. Kf2 Rb7 34. Rc5 a4 35. Rxd5 b4 36. Rc5 b3 37. axb3 axb3 38. Rc1 Kf7 39. Ke2 Ke6 40. Kd3 b2 41. Rb1 Rb3+ 42. Kd2 Kd5 43. Kc2 Rxe3 44. Kxb2 Rxh3 45. Rd1 Rh4 46. Kc3 Rxg4 47. Rh1 Rg3+ 48. Kd2 h5 49. Rh4 Rg5 50. Ke3 Rg1 51. Rf4 Rg3+ 52. Ke2 g5 0-1


[Site "https://www.chess.com"]

[Event "Titled Tuesday Blitz November 15 Late 2022"]
[White "Quirke, Jeffrey"]
[Black "D`Arruda, Ricardo D."]
[WhiteFideId "2013029"]
[BlackFideId "100692"]
[WhiteElo "2212"]
[BlackElo "2485"]
[Result "0-1"]
[Round "04"]
[TimeControl "180+1"]
[Date "2022.11.16"]
[WhiteClock "0:00:44"]
[BlackClock "0:01:40"]

1. e4 c5 2. Nf3 Nc6 3. b4 cxb4 4. d4 d6 5. Bd3 Nf6 6. O-O g6 7. a3 bxa3 8. Bxa3 Bg7 9. Re1 O-O 10. Nbd2 Bd7 11. h3 Rc8 12. Rb1 b6 13. c4 Nh5 14. Bb2 e5 15. d5 Na5 16. Bc3 Nf4 17. Bf1 Nb7 18. Ra1 a5 19. Rb1 Nc5 20. Qc2 f5 21. Kh2 fxe4 22. Nxe4 Nxe4 0-1


[Site "https://www.chess.com"]

[Event "Titled Tuesday Blitz November 15 Late 2022"]
[White "Rasulov, Vugar"]
[Black "Sarana, Alexey"]
[WhiteFideId "13402390"]
[BlackFideId "24133795"]
[WhiteElo "2509"]
[BlackElo "2708"]
[Result "0-1"]
[Round "04"]
[TimeControl "180+1"]
[Date "2022.11.15"]
[WhiteClock "0:00:31"]
[BlackClock "0:00:42"]

1. d4 Nf6 2. c4 e6 3. Nf3 d5 4. Nc3 Nbd7 5. g3 dxc4 6. Bg2 c6 7. O-O b5 8. Qc2 Bb7 9. e4 Be7 10. h4 a6 11. e5 Nd5 12. Bg5 Nxc3 13. bxc3 c5 14. a4 cxd4 15. cxd4 h6 16. Bxe7 Qxe7 17. Rab1 b4 18. Qxc4 a5 19. Rfc1 O-O 20. Qc7 Be4 21. Rb2 Rfb8 22. Nd2 Bxg2 23. Kxg2 Qe8 24. Ne4 Rc8 25. Qb7 Rxc1 26. Nd6 Qd8 27. d5 Rb8 28. Qa7 Nxe5 29. Nxf7 Qxd5+ 0-1


[Site "https://www.chess.com"]

[Event "Titled Tuesday Blitz November 15 Late 2022"]
[White "Riehle, Marco"]
[Black "Vlassov, Nikolai"]
[WhiteFideId "12904392"]
[BlackFideId "4103360"]
[WhiteElo "2462"]
[BlackElo "2324"]
[Result "1-0"]
[Round "04"]
[TimeControl "180+1"]
[Date "2022.11.16"]
[WhiteClock "0:01:20"]
[BlackClock "0:00:25"]

1. e4 e6 2. c4 d5 3. cxd5 exd5 4. Qb3 dxe4 5. Bc4 Qe7 6. Nc3 Nf6 7. d3 exd3+ 8. Be3 d2+ 9. Kxd2 c6 10. Re1 Be6 11. Bxe6 fxe6 12. Bd4 Nd5 13. Nf3 Na6 14. Nxd5 cxd5 15. Qb5+ Kf7 16. a3 Kg8 17. Re5 Qf7 18. Rhe1 Re8 19. Ng5 Qf4+ 20. Kd3 Qxh2 21. Qxe8 1-0


[Site "https://www.chess.com"]